Map: Moebius Facility XX-1

Players

Rugi - Winner!

  • Race: Zerg Zerg
  • League: Master
  • Spawn Location: 12:00

Loken - Winner!

  • Race: Protoss Protoss
  • League: Platinum
  • Spawn Location: 11:00

Myran - Winner!

  • Race: Protoss Protoss
  • Spawn Location: 1:00

dallaskuken - Winner!

  • Race: Protoss Protoss
  • League: Platinum
  • Spawn Location: 12:00

Myrjala

  • Race: Zerg Zerg
  • Spawn Location: 6:00

Daedalus

  • Race: Terran Terran
  • Spawn Location: 5:00

Celomanx

  • Race: Terran Terran
  • League: Diamond
  • Spawn Location: 7:00

Zaloğlu

  • Race: Protoss Protoss
  • League: Silver
  • Spawn Location: 6:00

VOD

Have the link to the VOD?

Description

Time

  • Played on: March 30, 2017, 5:48 p.m.
  • Length: 14:03
Show
View Real Time Build Order
Export as new Build Order

Rugi Zerg - Winner!

Build Orders: Hatch First, Muta Ling Bane 

Get SALT Encoding   

  12  0:01  Drone  
  13  0:13  Overlord  
  13  0:18  Drone  
  14  0:31  Drone x2  
  14  0:35  Drone  
  17  0:54  Hatchery  
  17  0:56  Drone  
  17  0:59  Drone  
  17  1:03  Extractor  
  17  1:15  Spawning Pool  
  16  1:19  Drone  
  16  1:23  Drone  
  18  1:32  Drone  
  19  1:42  Drone  
  20  1:50  Overlord  
  20  2:03  Metabolic Boost  
  20  2:05  Zergling x2  
  20  2:07  Zergling x2  
  22  2:08  Queen  
  22  2:13  Queen  
  26  2:17  Zergling x2  
  26  2:20  Drone  
  28  2:23  Drone  
  29  2:40  Drone  
  29  2:41  Drone x2  
  32  2:44  Overlord  
  32  2:49  Overlord  
  32  2:55  Drone  
  33  2:59  Drone  
  34  3:08  Drone  
  35  3:13  Queen x2  
  35  3:14  Overlord  
  39  3:24  Hatchery, Zergling x2  
  39  3:26  Zergling x2  
  40  3:30  Drone  
  40  3:33  Drone x2  
  43  3:34  Drone  
  43  3:36  Drone  
  43  3:39  Drone  
  46  3:44  Drone  
  47  3:51  Drone x4  
  50  4:05  Drone x4  
  50  4:07  Drone, Extractor  
  50  4:08  Extractor  
  50  4:09  Lair  
  53  4:13  Baneling Nest  
  52  4:19  Drone  
  52  4:20  Drone  
  54  4:25  Drone x3  
  57  4:31  Zergling x4  
  57  4:35  Overlord  
  57  4:37  Overlord  
  57  4:38  Drone x2  
  61  4:49  Extractor  
  61  4:51  Drone  
  61  4:52  Drone  
  62  4:56  Zergling x2  
  62  4:58  Drone x3  
  66  5:03  Drone x5, Evolution Chamber  
  66  5:04  Drone, Evolution Chamber  
  70  5:09  Drone, Spire  
  70  5:14  Drone x2  
  72  5:25  Baneling x2  
  72  5:31  Zergling x10  
  72  5:35  Zerg Melee Weapons Level 1, Zerg Ground Armor Level 1  
  77  5:38  Drone x4  
  77  5:40  Extractor  
  77  5:41  Overlord x2  
  80  5:43  Overlord  
  80  6:07  Drone, Extractor  
  80  6:08  Drone x3  
  80  6:09  Drone x3  
  80  6:11  Spore Crawler  
  85  6:12  Drone  
  85  6:13  Spine Crawler  
  85  6:15  Drone x2  
  85  6:18  Spine Crawler, Spore Crawler  
  86  6:21  Zergling x2  
  86  6:22  Zergling x12  
  86  6:25  Overlord  
  92  6:36  Zerg Flyer Weapons Level 1  
  92  6:38  Centrifical Hooks  
  92  6:58  Mutalisk  
  92  6:59  Mutalisk x9  
  112  7:02  Zergling x2  
  112  7:04  Overlord x6  
  113  7:12  Hatchery, Drone  
  113  7:15  Baneling x3  
  113  7:16  Baneling x3  
  113  7:27  Zergling x2  
  113  7:28  Zergling x22  
  125  7:38  Zerg Melee Weapons Level 2, Zerg Ground Armor Level 2  
  125  7:39  Zergling x2  
  125  7:40  Infestation Pit, Zergling x4  
  127  8:21  Zergling x2  
  127  8:22  Zergling x38  
  143  8:30  Zergling x2  
  143  8:32  Baneling  
  143  8:33  Baneling x19  
  143  8:34  Baneling x4  
  142  8:36  Hive  
  142  8:41  Zergling x2  
  142  8:42  Zergling x8  
  142  8:43  Overlord  
  147  8:53  Baneling  
  147  8:54  Baneling x9  
  147  8:55  Zergling x2  
  147  8:56  Zergling x14  
  147  8:59  Hatchery, Overseer x2  
  147  9:00  Overseer  
  135  9:52  Mutalisk x10  
  137  9:55  Zergling x2  
  137  9:56  Zergling x12  
  162  10:11  Zerg Melee Weapons Level 3  
  162  10:15  Overlord x2  
  162  10:17  Ultralisk Cavern  
  162  10:20  Drone  
  162  10:21  Drone x6  
  168  10:26  Queen  
  170  10:32  Zerg Flyer Weapons Level 2  
  170  10:35  Zergling x2  
  171  10:36  Zergling x20  
  171  10:39  Baneling  
  171  10:40  Baneling x8  
  177  11:32  Zergling x2  
  150  11:33  Zergling x36  
  150  11:34  Zergling x6  
  166  11:47  Zergling x24  
  153  12:09  Ultralisk x4  
  157  12:18  Overlord x6  
  157  12:19  Overlord x2  
  157  12:28  Overlord x3  
  156  12:38  Ultralisk x2  
  156  12:39  Ultralisk  
  156  12:41  Chitinous Plating  
  174  12:45  Ultralisk  
  180  13:01  Baneling x3  
  180  13:02  Baneling x8  
  180  13:03  Zergling x12  
  180  13:04  Zergling x4  
Show
View Real Time Build Order
Export as new Build Order

Loken Protoss - Winner!

Build Orders: Oracle Opening 

Get SALT Encoding   

  12  0:01  Probe (Chrono Boost)  
  13  0:11  Probe (Chrono Boost)  
  14  0:18  Pylon  
  14  0:22  Probe (Chrono Boost)  
  15  0:41  Probe (Chrono Boost)  
  16  0:43  Pylon  
  16  0:51  Gateway, Probe (Chrono Boost)  
  17  1:02  Probe (Chrono Boost)  
  18  1:04  Forge  
  18  1:13  Probe (Chrono Boost)  
  19  1:27  Probe (Chrono Boost)  
  20  1:33  Assimilator  
  20  1:37  Assimilator, Probe (Chrono Boost)  
  20  1:38  Photon Cannon  
  21  1:44  Photon Cannon  
  21  1:49  Pylon  
  21  2:01  Cybernetics Core  
  21  2:07  Probe (Chrono Boost)  
  22  2:17  Probe (Chrono Boost)  
  22  2:20  Zealot  
  25  2:28  Probe (Chrono Boost)  
  26  2:42  Stargate, Probe (Chrono Boost)  
  27  2:45  Warp Gate  
  27  2:53  Probe (Chrono Boost)  
  28  3:04  Nexus  
  28  3:17  Probe (Chrono Boost)  
  29  3:24  Oracle  
  32  3:33  Pylon  
  32  3:46  Assimilator  
  32  3:50  Assimilator  
  32  3:54  Pylon  
  32  3:55  Oracle  
  32  4:02  Probe (Chrono Boost)  
  36  4:14  Probe (Chrono Boost)  
  37  4:25  Probe (Chrono Boost)  
  37  4:26  Oracle, Probe (Chrono Boost)  
  39  4:35  Probe (Chrono Boost)  
  44  4:38  Probe (Chrono Boost)  
  44  4:45  Protoss Air Weapons Level 1  
  44  4:46  Probe (Chrono Boost)  
  45  4:56  Probe (Chrono Boost)  
  45  4:57  Probe (Chrono Boost)  
  47  5:03  Stargate  
  47  5:04  Stargate  
  48  5:07  Probe (Chrono Boost)  
  48  5:09  Probe (Chrono Boost)  
  49  5:17  Probe (Chrono Boost)  
  42  5:21  Probe (Chrono Boost)  
  42  5:28  Probe (Chrono Boost)  
  38  5:33  Probe (Chrono Boost)  
  38  5:41  Zealot  
  38  6:02  Phoenix  
  36  6:05  Phoenix x2  
  36  6:09  Stalker  
  42  6:17  Probe (Chrono Boost)  
  41  6:24  Phoenix  
  41  6:27  Probe (Chrono Boost)  
  41  6:28  Probe (Chrono Boost)  
  41  6:30  Phoenix x2  
  49  6:38  Probe (Chrono Boost)  
  49  6:39  Probe (Chrono Boost)  
  51  6:44  Protoss Air Armor Level 1  
  51  6:47  Phoenix  
  51  6:49  Probe (Chrono Boost)  
  51  6:51  Probe (Chrono Boost)  
  55  6:59  Probe (Chrono Boost)  
  56  7:04  Probe (Chrono Boost)  
  57  7:10  Probe (Chrono Boost)  
  59  7:16  Photon Cannon, Probe (Chrono Boost)  
  59  7:17  Photon Cannon  
  59  7:20  Photon Cannon, Probe (Chrono Boost)  
  58  7:23  Photon Cannon  
  58  7:28  Probe (Chrono Boost)  
  59  7:31  Probe (Chrono Boost)  
  60  7:40  Probe (Chrono Boost)  
  60  7:41  Probe (Chrono Boost)  
  63  7:52  Probe x2 (Chrono Boost)  
  56  8:21  Gateway  
  56  8:22  Gateway  
  56  8:25  Gateway  
  56  8:27  Gateway  
  56  8:34  Gateway x2  
  56  8:38  Pylon  
  56  8:39  Pylon  
  56  8:45  Nexus  
  56  8:48  Pylon  
  56  8:50  Pylon  
  56  8:52  Phoenix, Pylon  
  56  8:53  Phoenix x2  
  56  8:54  Pylon  
  62  8:57  Pylon  
  62  9:00  Pylon  
  62  9:01  Pylon  
  62  9:02  Pylon  
  62  9:04  Pylon  
  62  9:14  Photon Cannon  
  62  9:16  Photon Cannon  
  62  9:19  Photon Cannon  
  62  9:24  Photon Cannon  
  62  9:27  Photon Cannon  
  54  10:09  Twilight Council  
  54  10:10  Phoenix  
  54  10:11  Phoenix x2  
  60  10:18  Fleet Beacon  
  60  10:26  Assimilator  
  60  10:28  Assimilator  
  58  10:30  Probe (Chrono Boost)  
  59  10:41  Probe (Chrono Boost)  
  60  10:43  Phoenix x2  
  64  10:51  Probe (Chrono Boost), Charge  
  64  10:55  Protoss Ground Weapons Level 1  
  65  11:02  Probe (Chrono Boost)  
  66  11:18  Anion Pulse-Crystals  
  66  11:22  Zealot x5  
  66  11:23  Zealot x2  
  80  11:58  Zealot x3  
  80  11:59  Zealot x4  
  94  12:21  Probe (Chrono Boost)  
  95  12:24  Zealot x4  
  95  12:25  Zealot x3  
  109  12:31  Probe (Chrono Boost)  
  102  12:42  Probe (Chrono Boost)  
  77  12:52  Probe (Chrono Boost)  
  62  13:00  Zealot  
  62  13:01  Zealot x5  
  62  13:02  Zealot  
  76  13:09  Gateway  
  76  13:10  Gateway  
  76  13:12  Gateway  
  76  13:14  Gateway  
  76  13:16  Gateway  
  76  13:21  Pylon x2  
  76  13:23  Pylon  
  76  13:29  Zealot x6  
  76  13:30  Zealot  
  90  13:56  Zealot  
  90  13:57  Zealot x4  
  90  13:58  Zealot x2  
Show
View Real Time Build Order
Export as new Build Order

Myran Protoss - Winner!

Build Orders:  

Get SALT Encoding   

  12  0:02  Probe (Chrono Boost)  
  13  0:13  Probe (Chrono Boost)  
  14  0:18  Pylon  
  14  0:25  Probe (Chrono Boost)  
  15  0:37  Gateway  
  15  0:39  Probe (Chrono Boost)  
  16  0:45  Assimilator  
  16  0:49  Probe (Chrono Boost)  
  17  1:11  Probe (Chrono Boost)  
  18  1:15  Forge  
  18  1:20  Pylon  
  18  1:21  Probe (Chrono Boost)  
  19  1:30  Cybernetics Core  
  19  1:32  Probe (Chrono Boost)  
  20  1:42  Zealot, Probe (Chrono Boost)  
  23  1:51  Assimilator  
  23  1:53  Probe (Chrono Boost)  
  24  2:09  Probe (Chrono Boost)  
  25  2:20  Probe (Chrono Boost)  
  26  2:24  Nexus  
  26  2:34  Photon Cannon  
  26  2:38  Photon Cannon  
  26  2:42  Probe (Chrono Boost)  
  27  2:56  Stargate  
  27  2:59  Probe (Chrono Boost)  
  27  3:02  Pylon  
  27  3:05  Pylon  
  28  3:11  Probe (Chrono Boost)  
  29  3:22  Probe (Chrono Boost)  
  30  3:31  Stargate  
  30  3:36  Probe (Chrono Boost)  
  31  3:45  Probe (Chrono Boost)  
  32  3:50  Assimilator  
  32  3:52  Probe (Chrono Boost)  
  32  3:53  Assimilator  
  33  3:56  Probe (Chrono Boost)  
  34  4:02  Void Ray  
  34  4:08  Probe (Chrono Boost)  
  39  4:10  Probe (Chrono Boost)  
  40  4:29  Void Ray  
  44  4:36  Probe (Chrono Boost)  
  45  4:42  Pylon  
  45  4:45  Pylon, Void Ray  
  45  4:47  Probe (Chrono Boost)  
  50  4:58  Probe (Chrono Boost)  
  51  5:04  Probe (Chrono Boost)  
  52  5:08  Probe (Chrono Boost)  
  52  5:11  Void Ray  
  57  5:16  Stargate  
  57  5:18  Probe (Chrono Boost)  
  58  5:22  Protoss Air Weapons Level 1  
  58  5:31  Void Ray  
  62  5:39  Probe (Chrono Boost)  
  63  5:48  Void Ray  
  63  5:51  Probe (Chrono Boost)  
  68  6:03  Probe (Chrono Boost)  
  69  6:05  Pylon, Void Ray  
  69  6:07  Pylon  
  69  6:08  Pylon  
  73  6:12  Void Ray  
  77  6:26  Void Ray  
  77  6:32  Probe (Chrono Boost)  
  82  6:49  Void Ray  
  86  7:01  Nexus  
  86  7:05  Photon Cannon  
  86  7:09  Pylon  
  86  7:11  Pylon  
  86  7:25  Void Ray x2  
  86  7:31  Void Ray  
  98  8:14  Void Ray x2  
  102  8:20  Void Ray  
  102  8:26  Protoss Air Armor Level 1  
  110  8:35  Probe (Chrono Boost)  
  111  8:42  Assimilator  
  111  8:45  Assimilator, Probe (Chrono Boost)  
  112  8:51  Void Ray x2  
  120  9:03  Void Ray  
  124  9:28  Void Ray  
  128  9:43  Void Ray  
  132  10:07  Pylon  
  132  10:09  Pylon  
  132  10:11  Pylon  
  132  10:13  Pylon  
  132  10:15  Pylon  
  132  10:18  Pylon  
  132  10:20  Void Ray  
  132  10:21  Void Ray  
  132  10:24  Fleet Beacon  
  132  10:25  Void Ray  
  144  10:36  Warp Gate  
  135  11:18  Void Ray x2  
  135  11:24  Void Ray  
  147  11:31  Probe (Chrono Boost)  
  148  11:42  Probe (Chrono Boost)  
  149  11:52  Probe (Chrono Boost)  
  150  11:56  Void Ray x2  
  150  12:03  Probe (Chrono Boost)  
  150  12:07  Void Ray  
  163  12:13  Probe (Chrono Boost)  
  164  12:33  Void Ray x2  
  172  12:50  Void Ray  
  176  13:10  Void Ray  
Show
View Real Time Build Order
Export as new Build Order

dallaskuken Protoss - Winner!

Build Orders:  

Get SALT Encoding   

  12  0:01  Probe (Chrono Boost)  
  13  0:14  Pylon  
  13  0:19  Probe (Chrono Boost)  
  14  0:30  Probe (Chrono Boost)  
  15  0:41  Gateway  
  15  0:44  Pylon  
  15  0:47  Probe (Chrono Boost)  
  16  0:57  Probe (Chrono Boost)  
  17  1:08  Probe (Chrono Boost)  
  17  1:10  Assimilator  
  18  1:20  Assimilator  
  18  1:21  Probe (Chrono Boost)  
  19  1:31  Probe (Chrono Boost)  
  20  1:40  Cybernetics Core  
  20  1:59  Pylon  
  20  2:07  Zealot  
  22  2:16  Warp Gate  
  22  2:17  Forge  
  22  2:18  Probe (Chrono Boost)  
  23  2:29  Probe (Chrono Boost)  
  24  2:39  Probe (Chrono Boost)  
  25  2:50  Probe (Chrono Boost)  
  25  3:01  Probe (Chrono Boost)  
  26  3:11  Probe (Chrono Boost)  
  27  3:16  Stargate  
  27  3:18  Nexus  
  27  3:20  Pylon  
  27  3:23  Photon Cannon  
  27  3:32  Gateway  
  28  3:41  Probe (Chrono Boost)  
  28  3:52  Probe (Chrono Boost)  
  29  4:01  Void Ray  
  29  4:02  Probe (Chrono Boost)  
  34  4:13  Probe (Chrono Boost)  
  34  4:14  Robotics Facility  
  35  4:29  Zealot x2  
  29  5:50  Stalker x2  
  29  5:55  Immortal  
  37  6:09  Pylon x2  
  37  6:51  Nexus  
  37  6:57  Pylon  
  37  7:02  Pylon  
  37  7:09  Immortal  
  41  7:21  Gateway  
  41  7:22  Gateway  
  41  7:24  Gateway  
  41  7:28  Pylon  
  41  7:33  Photon Cannon  
  41  7:35  Photon Cannon  
  41  7:37  Photon Cannon  
  41  7:43  Assimilator  
  41  7:45  Assimilator, Probe (Chrono Boost)  
  42  7:55  Probe (Chrono Boost)  
  42  7:57  Pylon  
  43  8:01  Pylon  
  43  8:03  Immortal  
  43  8:04  Void Ray  
  51  8:06  Probe (Chrono Boost)  
  52  8:14  Probe (Chrono Boost)  
  52  8:16  Probe (Chrono Boost)  
  54  8:21  Photon Cannon  
  54  8:24  Probe (Chrono Boost)  
  56  8:27  Probe (Chrono Boost)  
  56  8:29  Photon Cannon  
  56  8:35  Probe (Chrono Boost)  
  57  8:45  Probe (Chrono Boost)  
  58  8:49  Gateway  
  58  8:52  Photon Cannon  
  58  8:56  Probe (Chrono Boost)  
  58  8:59  Photon Cannon  
  59  9:10  Stalker  
  59  9:11  Stalker x3  
  67  10:06  Stalker x4  
  75  10:21  Pylon  
  75  10:24  Gateway  
  75  10:26  Void Ray  
  75  10:27  Gateway  
  79  10:32  Immortal  
  83  10:47  Fleet Beacon  
  83  10:52  Stargate  
  83  10:54  Stargate  
  75  11:06  Pylon  
  75  11:21  Observer  
  76  11:26  Photon Cannon  
  76  11:29  Photon Cannon  
  75  11:40  Carrier x2  
  75  11:41  Carrier  
  75  11:45  Mothership Core (Chrono Boost)  
  91  12:32  Immortal  
  90  13:09  Stalker x6  
Show
View Real Time Build Order
Export as new Build Order

Myrjala Zerg 

Build Orders: Pool First 

Get SALT Encoding   

  12  0:20  Spawning Pool  
  11  0:23  Drone  
  12  0:28  Drone  
  12  0:32  Drone  
  14  0:40  Overlord  
  14  0:50  Extractor  
  14  0:52  Drone  
  14  1:00  Extractor  
  13  1:19  Zergling x4  
  13  1:20  Zergling x2  
  16  1:43  Drone  
  16  1:45  Drone  
  18  1:50  Hatchery  
  17  2:13  Drone  
  17  2:14  Drone  
  19  2:17  Overlord  
  19  2:53  Queen  
  19  2:55  Zergling x4  
  19  2:56  Zergling x2  
  24  3:01  Baneling Nest  
  23  3:27  Drone x2  
  23  3:28  Drone  
  26  3:40  Drone  
  26  3:41  Drone x3  
  30  3:45  Baneling x2  
  30  3:46  Baneling x3  
  30  4:20  Lair  
  30  4:25  Drone x2  
  30  4:26  Drone  
  30  4:27  Queen  
  35  4:33  Overlord x2  
  35  4:38  Drone  
  36  4:57  Drone x3  
  36  4:58  Drone x2  
  36  4:59  Drone x2  
  43  5:08  Baneling x2  
  43  5:09  Baneling x3  
  43  5:10  Baneling x2  
  43  5:30  Spire  
  42  5:37  Extractor  
  42  5:40  Extractor  
  42  5:41  Drone x4  
  42  5:42  Drone x4  
  48  5:50  Pneumatized Carapace  
  48  6:19  Drone x3  
  48  6:20  Drone  
  48  6:24  Overlord x3  
  52  6:44  Mutalisk x2  
  52  6:45  Mutalisk x5  
  66  6:49  Mutalisk  
  68  7:14  Zerg Flyer Weapons Level 1  
  68  7:21  Overseer  
  65  7:26  Overseer  
  65  7:36  Mutalisk  
  51  8:12  Mutalisk  
  51  8:13  Mutalisk x3  
  59  8:42  Mutalisk x4  
  67  8:59  Overlord x3  
  67  9:00  Overlord x3  
  67  9:24  Drone x3  
  52  10:07  Hydralisk Den  
  51  10:14  Drone x2  
  51  10:15  Drone  
  51  10:16  Roach Warren  
  50  10:44  Evolution Chamber  
  50  10:45  Evolution Chamber  
  48  10:53  Corruptor  
  48  10:54  Corruptor x6  
  48  10:55  Corruptor x6  
  48  10:56  Corruptor x2  
  62  12:12  Zergling x8  
  62  12:13  Zergling x10  
  62  12:14  Zergling x6  
  62  12:15  Zergling x10  
Show
View Real Time Build Order
Export as new Build Order

Daedalus Terran 

Build Orders: MMM Bio 

Get SALT Encoding   

  12  0:01  SCV  
  13  0:13  Supply Depot  
  13  0:17  SCV  
  14  0:29  SCV  
  15  0:38  Barracks  
  15  0:41  SCV  
  16  0:54  SCV  
  16  0:55  Refinery  
  17  1:08  Barracks  
  17  1:10  SCV  
  18  1:33  Refinery  
  18  1:35  Engineering Bay  
  18  1:38  Barracks Tech Lab  
  18  1:49  SCV  
  19  2:04  Command Center  
  19  2:09  Barracks Reactor  
  19  2:26  Missile Turret  
  19  2:30  Missile Turret  
  19  2:33  SCV  
  20  2:46  Stimpack  
  20  2:48  Marine  
  21  2:59  Supply Depot  
  21  3:01  SCV  
  21  3:05  Marine  
  23  3:17  Orbital Command  
  23  3:30  Marine  
  23  3:33  Missile Turret  
  24  3:38  SCV  
  25  3:45  Marine x2  
  25  3:48  Marine  
  28  3:49  SCV  
  29  3:59  SCV  
  29  4:01  SCV  
  31  4:05  Marine, Terran Infantry Weapons Level 1  
  31  4:08  Marine  
  33  4:11  SCV  
  33  4:12  Marine  
  35  4:23  Factory  
  35  4:26  SCV x2  
  37  4:33  Marine x2  
  40  4:38  SCV x2  
  41  4:47  Combat Shields  
  41  4:48  Supply Depot  
  41  4:50  SCV x2  
  43  4:56  Marine x2  
  43  4:57  Marine  
  46  5:10  Starport, SCV x2  
  46  5:11  Factory Reactor  
  48  5:23  SCV  
  49  5:32  Marine  
  49  5:33  Marine x2  
  49  5:35  Orbital Command  
  52  5:44  Refinery x2  
  52  5:50  Marine  
  52  5:56  Supply Depot  
  53  6:05  Medivac x2  
  53  6:07  Supply Depot  
  53  6:09  SCV x2  
  59  6:13  Marine x3  
  62  6:19  Supply Depot  
  62  6:21  SCV  
  63  6:26  Barracks  
  63  6:27  Factory Tech Lab  
  63  6:30  Supply Depot  
  63  6:31  Marine x2  
  65  6:35  Marine  
  66  6:42  Terran Infantry Armor Level 1  
  66  6:44  Armory  
  66  6:47  SCV x2  
  66  6:48  Engineering Bay  
  66  6:49  Marine  
  66  6:53  Medivac x2  
  63  7:28  Barracks Reactor  
  63  7:30  Barracks  
  63  7:36  Widow Mine  
  65  7:45  Missile Turret x2  
  63  8:04  Widow Mine  
  65  8:13  Missile Turret  
  60  8:31  Marine x3  
  60  8:33  Widow Mine, Barracks Reactor  
  64  8:47  Command Center  
  64  8:48  Marine  
  64  8:51  Command Center  
  64  8:54  Terran Infantry Weapons Level 2  
  65  8:58  Terran Infantry Armor Level 2  
  65  9:02  Medivac  
  65  9:03  Medivac  
  67  9:17  Marine  
  67  9:18  Marine x4  
  67  9:19  Marine x2  
  74  9:31  Widow Mine  
  74  9:35  Marine  
  74  9:36  Marine  
  78  9:55  Marine x4  
  78  9:56  Marine x2  
  78  9:59  Widow Mine, Supply Depot  
  84  10:00  Medivac x2  
  90  10:23  Supply Depot  
  90  10:56  Marine x5  
  90  10:57  Marine x2  
  95  11:14  Marine x2  
  49  11:42  Marine  
  49  11:43  Marine x5  
  46  12:00  Marine  
  5  12:34  Orbital Command  
Show
View Real Time Build Order
Export as new Build Order

Celomanx Terran 

Build Orders: MMM Bio 

Get SALT Encoding   

  12  0:02  SCV  
  13  0:15  SCV  
  14  0:26  Supply Depot  
  14  0:27  SCV  
  15  0:31  Refinery  
  15  0:47  SCV  
  15  0:49  Barracks  
  16  0:59  SCV  
  17  1:06  Barracks  
  17  1:11  SCV  
  18  1:29  SCV  
  19  1:39  Supply Depot  
  19  1:44  Barracks Reactor  
  19  1:48  Orbital Command  
  19  1:53  Barracks Tech Lab  
  19  2:03  Refinery  
  19  2:08  Factory  
  19  2:13  Marine  
  20  2:21  Marine x2  
  22  2:26  SCV  
  23  2:32  Marine  
  24  2:42  Marine  
  25  2:45  Marine  
  25  2:48  SCV, Stimpack  
  27  2:52  Supply Depot  
  27  2:54  Marine  
  28  3:00  Marine  
  28  3:03  SCV, Marine  
  31  3:07  Starport  
  31  3:09  Factory Reactor  
  31  3:14  Marine  
  31  3:19  SCV, Marine  
  34  3:21  Marine  
  36  3:34  SCV  
  36  3:37  Marine  
  36  3:39  Marine  
  38  3:42  Supply Depot  
  38  3:45  Marine  
  39  4:03  Marine x2  
  39  4:04  SCV, Medivac x2  
  39  4:09  Supply Depot  
  46  4:10  Marine  
  47  4:30  Marine x2  
  49  4:33  Marine  
  50  4:48  Marine x2  
  50  4:49  Combat Shields  
  50  4:50  Factory Reactor  
  50  4:51  Marine  
  53  5:05  Command Center  
  53  5:06  Marine x2  
  55  5:14  Marine  
  55  5:15  Viking, Engineering Bay  
  49  5:24  Marine  
  47  5:44  Widow Mine, Marine x3  
  47  5:45  Widow Mine  
  47  5:48  Medivac  
  47  5:49  Missile Turret  
  55  6:16  Marine x2, Medivac  
  55  6:17  Orbital Command  
  55  6:18  Missile Turret  
  59  6:22  Supply Depot  
  59  6:26  Supply Depot  
  59  6:27  Barracks  
  59  6:33  SCV, Barracks  
  59  6:38  Widow Mine  
  62  6:40  Marine  
  62  6:45  SCV  
  62  6:46  SCV  
  65  7:05  Missile Turret x2  
  65  7:09  Refinery, Marine  
  66  7:21  Marine x3  
  66  7:22  Medivac  
  71  7:34  SCV x2  
  73  7:46  SCV  
  73  7:49  Widow Mine x2  
  78  7:52  Marine x2  
  78  7:54  Missile Turret  
  78  7:55  Barracks Reactor  
  78  7:56  Barracks Reactor  
  78  7:57  Missile Turret  
  80  8:13  Marine  
  80  8:17  Marine  
  82  8:21  Missile Turret x2  
  82  8:24  Missile Turret  
  82  8:25  SCV x2  
  82  8:26  Widow Mine  
  84  8:29  Concussive Shells  
  86  8:35  Supply Depot  
  86  8:37  Terran Infantry Weapons Level 1  
  86  8:38  Supply Depot  
  86  8:50  Armory  
  86  8:56  Widow Mine, Marine x2, Engineering Bay  
  86  8:59  Marine x2  
  86  9:00  Medivac  
  93  9:30  Marine x3  
  74  9:31  Marauder  
  64  9:38  Marine x2  
  64  9:39  Marine  
  64  9:40  Widow Mine x2  
  66  9:46  Medivac x2  
  66  9:48  Marine x3  
  71  9:52  SCV  
  71  9:53  Refinery, SCV  
  71  9:55  Marine  
  71  9:56  Marine  
  71  9:59  Marine x2  
  76  10:06  Marine  
  77  10:08  Widow Mine x2  
  77  10:14  SCV  
  82  10:16  Medivac x2  
  82  10:17  Marine  
  82  10:19  Marine  
  88  10:32  Marine x4  
  92  10:53  Marine x4  
  87  10:59  Supply Depot  
  87  11:00  Supply Depot  
  87  11:02  Supply Depot  
  87  11:07  Command Center  
  87  11:20  Marine x3  
  87  11:23  Terran Infantry Armor Level 1  
  90  11:31  Terran Infantry Weapons Level 2  
  90  11:36  Marine  
  91  11:54  Marine  
  91  11:57  Widow Mine  
  86  12:24  Marine x2  
  86  12:25  Widow Mine, Marauder, Marine x3  
  86  12:27  Medivac x2  
  87  12:47  Marauder  
  58  13:10  Marine x5  
  58  13:11  Marauder, Marine  
  61  13:13  Orbital Command, Widow Mine x2  
  53  13:27  Marine  
  53  13:28  Marine x2  
  53  13:30  Marine  
Show
View Real Time Build Order
Export as new Build Order

Zaloğlu Protoss 

Build Orders: Cannon Rush 

Get SALT Encoding   

  12  0:02  Probe (Chrono Boost)  
  13  0:12  Probe (Chrono Boost)  
  14  0:23  Pylon, Probe (Chrono Boost)  
  15  0:41  Pylon  
  15  0:48  Forge  
  15  0:58  Gateway  
  15  1:05  Pylon  
  15  1:10  Probe (Chrono Boost)  
  16  1:15  Assimilator  
  16  1:33  Photon Cannon  
  16  1:41  Photon Cannon  
  16  1:51  Photon Cannon  
  16  1:58  Probe (Chrono Boost)  
  18  2:08  Probe (Chrono Boost)  
  17  2:16  Cybernetics Core  
  17  2:22  Probe (Chrono Boost)  
  18  2:30  Pylon  
  18  2:32  Probe (Chrono Boost)  
  18  2:36  Assimilator  
  19  2:42  Zealot  
  19  2:43  Probe (Chrono Boost)  
  22  2:49  Protoss Ground Weapons Level 1  
  22  3:07  Photon Cannon  
  22  3:13  Photon Cannon  
  22  3:30  Stargate  
  22  3:35  Pylon  
  22  3:44  Pylon  
  22  3:53  Mothership Core (Chrono Boost)  
  24  4:11  Probe (Chrono Boost)  
  25  4:22  Probe (Chrono Boost)  
  25  4:24  Stalker  
  28  4:26  Pylon  
  28  4:29  Pylon  
  28  4:33  Pylon  
  28  4:41  Pylon  
  28  4:54  Photon Cannon  
  28  4:58  Photon Cannon  
  28  5:08  Photon Cannon  
  28  5:13  Probe (Chrono Boost)  
  29  5:22  Stalker  
  29  5:24  Probe (Chrono Boost)  
  32  5:34  Probe (Chrono Boost)  
  33  5:52  Void Ray  
  37  5:57  Protoss Ground Armor Level 1  
  37  5:59  Stalker  
  39  6:26  Nexus  
  39  6:37  Photon Cannon  
  39  7:03  Photon Cannon  
  39  7:13  Phoenix  
  41  7:29  Stargate  
  41  7:31  Stargate  
  41  7:38  Phoenix  
  31  8:09  Void Ray  
  31  8:11  Stalker  
  32  8:35  Void Ray  
  36  8:41  Stalker  
  36  8:44  Phoenix  
  40  9:09  Probe (Chrono Boost)  
  41  9:19  Probe (Chrono Boost)  
  42  9:30  Probe (Chrono Boost)  
  43  9:40  Probe (Chrono Boost)  
  44  9:51  Probe (Chrono Boost)  
  45  9:54  Void Ray x2  
  53  10:09  Mothership Core (Chrono Boost)  
  30  11:38  Phoenix x3  
  25  11:58  Mothership Core (Chrono Boost)  
Tags
 
Add a new tag
Caveats
  • Supply blocks, unpowered buildings, or Contaminate may cause inaccurate times.
  • Supply counts are checked every 10 seconds.